 Dungeon Crawl Stone Soup version 0.29.1-2-gbd0b4ee654 (webtiles) character file.

Game seed: 5445041177594420108

44 Anriel the Slasher (level 3, 0/22 (27) HPs)
             Began as a Demonspawn Gladiator on Nov 25, 2022.
             Slain by Terence
             ... wielding the +7 Throatcutter {drain, coup de grace}
              (1 damage)
             ... on level 2 of the Dungeon.
             The game lasted 00:11:21 (1430 turns).

Anriel the Slasher (Demonspawn Gladiator)           Turns: 1430, Time: 00:11:22

HP:   0/22 (27)     AC:  6    Str: 16    XL:     3   Next: 41%
MP:   3/3           EV: 15    Int:  9    God:
Gold: 105           SH:  0    Dex: 14    Spells: 2/2 levels left

rFire   . . .      SeeInvis +   a - +0 long sword
rCold   . . .      Faith    .   (no shield)
rNeg    . . .      Spirit   .   m - +0 ring mail
rPois   .          Reflect  .   c - +0 helmet
rElec   .          Harm     .   (no cloak)
rCorr   .          Rampage  .   (no gloves)
Will    .....                   (no boots)
Stlth   +.........              (no amulet)
HPRegen 0.07/turn               f - +4 ring of evasion
MPRegen 0.08/turn               r - ring of see invisible

@: about to teleport, heavily drained
A: spiny 1
a: no special abilities


You were on level 2 of the Dungeon.
You visited 1 branch of the dungeon, and saw 2 of its levels.

You collected 105 gold pieces.

Inventory:

Hand Weapons
 a - a +0 long sword (weapon)
Armour
 c - a +0 helmet (worn)
 m - a +0 ring mail (worn)
Jewellery
 b - a ring of fire
 f - a +4 ring of evasion (left hand)
 r - a ring of see invisible (right hand)
Scrolls
 g - a scroll of identify {unknown}
 j - a scroll of vulnerability {unknown}
 k - a scroll of magic mapping {unknown}
 l - 3 scrolls of teleportation
 o - a scroll of torment {unknown}
 p - a scroll of enchant weapon {unknown}
Potions
 e - a potion of lignification {unknown}
 h - a potion of curing {unknown}
 i - a potion of heal wounds {unknown}
 n - 2 potions of flight {unknown}
 q - a potion of mutation {unknown}


   Skills:
 + Level 2.1 Fighting
 + Level 3.2 Long Blades
 + Level 2.1 Throwing
 * Level 1.0 Armour
 + Level 3.0 Dodging


You had 2 spell levels left.
You didn't know any spells.
Your spell library contained the following spells:

 Spells                   Type           Power      Damage    Failure   Level
 Gell's Gravitas          Tloc           0%         N/A       93%         3
 Lesser Beckoning         Tloc           0%         N/A       93%         3
 Teleport Other           Tloc           0%         N/A       93%         3


Dungeon Overview and Level Annotations

Branches:
Dungeon (2/15)

Altars:

Annotations:
D:2 Terence


Innate Abilities, Weirdness & Mutations

You are partially covered in sharp spines.


Message History

The worm closely misses you.
You hit the worm.
You kill the worm!
Your Armour skill increases to level 1!
You see here a worm corpse.
You open the door.
Terence the Incautious comes into view.
He is wielding the +7 Throatcutter {drain, coup de grace}.
Terence shouts!
There is an open door here.
There is an open door here.
Okay, then.
Terence shouts, "ATTACK!!!"
Throw: 3 throwing nets
Press: ? - help, Q - select action Shift-Dir - straight line, f - Terence
Aim: Terence, wielding the +7 Throatcutter {drain, coup de grace} and wearing a +0 ring mail (64% to hit)
You throw a throwing net.
The throwing net closely misses Terence.
Terence is struck by your spines.
Terence hits you with the +7 Throatcutter {drain, coup de grace}!
You feel drained.
Throw: 2 throwing nets
Press: ? - help, Q - select action Shift-Dir - straight line, f/p - Terence
Aim: Terence, wielding the +7 Throatcutter {drain, coup de grace} and wearing a +0 ring mail (moderately wounded, 64% to hit)
You throw a throwing net. The throwing net barely misses Terence.
Terence hits you with the +7 Throatcutter {drain, coup de grace}!
You feel drained.
* * * LOW HITPOINT WARNING * * *
Throw: throwing net
Press: ? - help, Q - select action Shift-Dir - straight line, f/p - Terence
Aim: Terence, wielding the +7 Throatcutter {drain, coup de grace} and wearing a +0 ring mail (moderately wounded, 64% to hit)
You throw a throwing net.
The throwing net closely misses Terence.
Okay, then.
Okay, then.
As you read the scroll labelled JACLIA METULO, it crumbles to dust.
You feel strangely unstable.
It was a scroll of teleportation.
Terence hits you with the +7 Throatcutter {drain, coup de grace}.
* * * LOW HITPOINT WARNING * * *
You feel drained.
You die...

#.# ###### ##.##
#.....# ##.#.##
##.......
##†###.###........
# ##.##
##..'........ +
#.## ##.#........
# ##.##
##..##.......
#..###@#.# #.....#
#.#@#.##.# #...##
#...@....# #+##
#####(########.###
#.##.........#
#.##.#####.#.#
#............#
####.###.....###
#...........†
#####.#.(####


You could see Terence.

Vanquished Creatures
  A worm (D:2)
  8 ball pythons
  4 endoplasms
  3 giant cockroaches
  2 goblins
  3 hobgoblins (D:1)
  3 jackals
  2 kobolds
  A quokka (D:1)
  4 bats
  4 frilled lizards
  2 rats
37 creatures vanquished.

Vanquished Creatures (others)
  4 toadstools (D:1)
4 creatures vanquished.

Grand Total: 41 creatures vanquished

Notes
Turn   | Place    | Note
-------+----------+-------------------------------------------
     0 | D:1      | Anriel the Demonspawn Gladiator began the quest for the
                  | Orb.
     0 | D:1      | Reached XP level 1. HP: 16/16 MP: 1/1
   321 | D:1      | Gained mutation: You are partially covered in sharp spines.
                  | [demonic ancestry]
   321 | D:1      | Reached XP level 2. HP: 20/22 MP: 2/2
   940 | D:2      | Reached XP level 3. HP: 27/27 MP: 3/3
  1403 | D:2      | Reached skill level 1 in Armour
  1417 | D:2      | Noticed Terence
  1430 | D:2      | HP: 1/23 [Terence/the +7 Throatcutter {drain, coup de
                  | grace} (4)]
  1430 | D:2      | Slain by Terence

Illustrated notes

Levels and vault maps discovered:
D:1:      ldierk_walled_garden_2, layout_loops_corners
D:2:      minmay_roachtagon, layout_loops_corners, st_stairs_14,
          chequers_serial_rivers_room_a, nicolae_figureground_pulse,
          uniq_terence

Skill      XL: |  1  2  3 |
---------------+----------+-----
Throwing       | 2 |  2.1
Long Blades    | 3 |  3.2
Dodging        | 3 |  3.0
Armour         | 1 |  1.0
Fighting       | |  2.1

Action                   || total
-------------------------++-------
Melee: Long sword        ||    52
Throw: Javelin           ||     5
       Throwing net      ||     3
  Use: Scroll            ||     1
Armor: Ring mail         ||     4
Dodge: Dodged            ||    27
